Construct Infanterie Kompanie
Selects Italian Coastal Battlegroup
Selects Artillery Officer
Infanterie Officer Quarters
Construct Panzergrenadier Kompanie
Nebelwerfer 42 Rocket Launcher Team
Selects Designated Artillery Overwatch
Construct Panzer Kompanie
Designated Artillery Overwatch
Nebelwerfer 42 Rocket Launcher Team
Designated Artillery Overwatch
Selects Obice da 210/22 Artillery Emplacement
Designated Artillery Overwatch
Designated Artillery Overwatch
Designated Artillery Overwatch
Designated Artillery Overwatch